 Dungeon Crawl Stone Soup version 0.20-a0-548-g4f8a798 (webtiles) character file.

242 Ijustatesigmund the Sneak (level 5, -1/28 HPs)
             Began as a Spriggan Assassin on Feb 1, 2017.
             Killed by divine providence
             ... invoked by an orc priest
              (13 damage)
             ... on level 5 of the Dungeon.
             The game lasted 00:10:15 (4446 turns).

Ijustatesigmund the Sneak (Spriggan Assassin)       Turns: 4446, Time: 00:10:16

Health: -1/28      AC:  6    Str:  7    XL:     5   Next: 82%
Magic:  6/6        EV: 20    Int: 13    God:
Gold:   235        SH:  0    Dex: 18    Spells: 4/4 levels left

rFire    . . .     SeeInvis +   k - +2 dagger (freeze)
rCold    . . .     Gourm    .   c - +1 robe
rNeg     . . .     Faith    .   (shield restricted)
rPois    +         Spirit   .   (helmet restricted)
rElec    .         Reflect  .   r - +2 cloak {rPois}
rCorr    .         Harm     .   (gloves unavailable)
MR       .....                  (boots unavailable)
Stlth    ++++......             (no amulet)
Regen    0.1/turn               (no ring)
                                q - ring of poison resistance

@: very quick
A: unfitting armour, see invisible, herbivore 3, speed 3, slow metabolism 2
a: no special abilities


You were on level 5 of the Dungeon.
You were not hungry.

You visited 1 branch of the dungeon, and saw 5 of its levels.

You collected 235 gold pieces.

Inventory:

Hand Weapons
 a - a +2 dagger
 b - a +0 blowgun
 k - a +2 dagger of freezing (weapon)
 t - a +0 short sword of protection
Missiles
 e - 9 poisoned needles
 f - a curare-tipped needle
 n - 6 needles of confusion
 v - 5 needles of sleeping
Armour
 c - a +1 robe (worn)
 r - a +2 cloak of poison resistance (worn)
Jewellery
 q - a ring of poison resistance (left hand)
Scrolls
 i - 4 scrolls of remove curse
 o - a scroll of fear
 u - a scroll of identify
Potions
 d - a potion of heal wounds
 j - a potion of curing
 l - 2 potions of cure mutation
 m - a potion of brilliance
 p - a potion of flight
 s - a potion of cancellation
Comestibles
 g - 3 bread rations
 h - 2 royal jellies


   Skills:
 + Level 2.8 Fighting
 - Level 3.8 Short Blades
 - Level 2.0 Throwing
 - Level 4.7 Dodging
 - Level 7.1 Stealth


You had 4 spell levels left.
You didn't know any spells.

Dungeon Overview and Level Annotations

Branches:
Dungeon (5/15)
 Temple: D:4-7

Altars:
Sif Muna

Annotations:
D:4 DEFE's ghost, amateur DEAK
D:5 nht's ghost, novice OgBe


Innate Abilities, Weirdness & Mutations

You are very small and have problems with some larger weapons.
You are too small for most types of armour.
You have supernaturally acute eyesight. (SInv)
You are a herbivore.
You cover ground extremely quickly.
You need consume almost no food.


Message History

An orc wizard comes into view. It is wielding a dagger.
You barely miss the orc.
The orc is almost dead.
The orc hits you with a mace.
You barely miss the orc.
The orc is almost dead.
The orc closely misses you.
An orc priest comes into view.
You closely miss the orc.
The orc is severely wounded.
The orc wizard mumbles some strange words.
The orc wizard blinks!
The orc priest invokes the aid of Beogh against you.
Beogh smites you!
The orc priest shouts!
You hear a shout!
An orc wizard comes into view. It is wielding a dagger.
The orc priest casts a cantrip, but nothing happens.
The orc priest mumbles some strange prayers to Beogh against you.
Beogh smites you!
You die...

....#.# ..###.# ......#
#+# ....#### #.# .......+.
#.### ....####.. # #...
....# #...#.#..# ....#
#.....#..#####o#...
....####........@.o.o.§o..
.......+.....#..######....
....####... #..# .
......... #..# ...######
#..# ........# #..#
.######.######..#
.....<#.........#
###############.#


You could see 2 orc priests, an orc wizard and an orc.

Vanquished Creatures
  An orc wizard (D:4)
  2 iguanas
  Ijyb (D:3)
  5 adders
  3 worms (D:2)
  4 dart slugs
  3 leopard geckos
  2 orcs (D:3)
  4 giant cockroaches
  11 hobgoblins
  7 kobolds
  3 quokkas
  2 ball pythons
  7 bats
  5 frilled lizards
  8 goblins
  A leopard gecko zombie (D:5)
  10 rats
79 creatures vanquished.

Notes
Turn   | Place    | Note
-------+----------+-------------------------------------------
     0 | D:1      | Ijustatesigmund the Spriggan Assassin began the quest for the Orb.
     0 | D:1      | Reached XP level 1. HP: 10/10 MP: 2/2
    60 | D:1      | Reached skill level 6 in Stealth
    98 | D:1      | Reached XP level 2. HP: 11/14 MP: 3/3
   613 | D:4      | Reached XP level 3. HP: 18/18 MP: 4/4
   696 | D:5      | Entered Level 5 of the Dungeon
   776 | D:5      | Noticed nht's ghost (novice OgBe)
   839 | D:3      | Reached XP level 4. HP: 22/22 MP: 5/5
  2316 | D:2      | Reached skill level 7 in Stealth
  2786 | D:2      | Reached XP level 5. HP: 21/25 MP: 6/6
  3602 | D:3      | Noticed Ijyb
  3630 | D:3      | Killed Ijyb
  3949 | D:4      | Noticed DEFE's ghost (amateur DEAK)
  4115 | D:4      | Found a deep blue altar of Sif Muna.
  4446 | D:5      | Killed from afar by an orc priest

Vault maps used:
D:1:      matt_arrival_refuge
D:2:      first_bread, minmay_hexomino_c4
D:3:      lemuel_another_geyser, uniq_iyjb
D:4:      kennysheep_big_flooded_room, tgw_sif
D:5:      nicolae_overflow_hidden_temple, uniq_grinder

Skill      XL: |  1  2  3  4  5 |
---------------+----------------+-----
Stealth        | 6 7 |  7.1
Dodging        | 2 3 4 |  4.7
Short Blades   | 3 |  3.8
Fighting       | 2 |  2.8
Throwing       | |  2.0

Action                   |  1- 3 |  4- 6 || total
-------------------------+-------+-------++-------
Melee: Dagger            |    70 |   283 ||   353
       Short sword       |       |    29 ||    29
 Fire: Blowgun           |     7 |    14 ||    21
  Use: Scroll            |       |    11 ||    11
 Stab: Sleeping          |     7 |     7 ||    14
  Eat: Royal jelly       |       |     1 ||     1
Armor: Robe              |     6 |    31 ||    37
Dodge: Dodged            |    64 |   216 ||   280
